 Dungeon Crawl Stone Soup version 0.17.0-28-g6e173f8 (console) character file.

23090 Kloppie the Fighter (level 12, -3/115 HPs)
             Began as a Minotaur Fighter on Dec 1, 2015.
             Was an Elder of the Shining One.
             Slain by a harpy (11 damage)
             ... summoned by Kirke
             ... on level 4 of the Lair of Beasts.
             The game lasted 00:28:17 (14433 turns).

Kloppie the Fighter (Minotaur Fighter)             Turns: 14433, Time: 00:28:17

Health: -3/115     AC:  0    Str: 23    XL:     12   Next: 68%
Magic:  11/11      EV: 21    Int:  5    God:    the Shining One [****..]
Gold:   265        SH:  0    Dex: 13    Spells: 0 memorised, 11 levels left

rFire  . . .     SeeInvis .     (weapon currently unavailable)
rCold  . . .     Clarity  .     (armour currently unavailable)
rNeg   + + .     SustAt   .     (shield currently unavailable)
rPois  .         Gourm    .     (helmet currently unavailable)
rElec  .         Spirit   .     (cloak currently unavailable)
rCorr  .         Warding  .     (gloves currently unavailable)
rMut   .         Stasis   .     (boots currently unavailable)
MR     .....                    u - amulet of faith
Stlth  +.........               (ring currently unavailable)
                                (ring currently unavailable)

@: pig-form, very slightly contaminated, glowing, very quick, not resistant to
hostile enchantments, very unstealthy
A: (retaliatory headbutt), (horns 0)
a: Divine Shield, Cleansing Flame, Renounce Religion


You were on level 4 of the Lair of Beasts.
You worshipped the Shining One.
The Shining One was greatly pleased with you.
You were hungry.
You were a filthy swine.
You visited 3 branches of the dungeon, and saw 15 of its levels.
You also visited: Sewer.

You collected 963 gold pieces.
You spent 698 gold pieces at shops.

Inventory:

Hand Weapons
 a - a +1 long sword (melded)
 C - a +0 falchion
Missiles
 n - 7 javelins (quivered)
 F - 8 tomahawks
Armour
 c - a +1 shield (melded)
 y - the +1 chain mail "Xiguxek" (melded) {Str+2 Dex+4}
   (You found it on level 5 of the Dungeon)

   It affects your strength (+2).
   It affects your dexterity (+4).
 J - a +2 pair of gloves of strength (melded)
Jewellery
 f - a +5 ring of strength (melded)
 u - an amulet of faith (around neck)
 w - an uncursed ring of teleportation
 D - the ring "Faum Esuusux" (melded) {+Fly rElec rF+ Str+2}
   (You bought it in a shop on level 9 of the Dungeon)

   [ring of flight]

   It affects your strength (+2).
   It protects you from fire.
   It insulates you from electricity.
   It lets you fly.
 K - an uncursed amulet of warding
 P - an uncursed ring of positive energy {unknown}
Wands
 t - a wand of paralysis (12)
 B - a wand of magic darts (17)
 I - a wand of fire (12)
 L - a wand of disintegration (9)
 N - a wand of confusion (21)
Scrolls
 d - 4 scrolls of enchant armour
 l - 4 scrolls of identify
 m - 2 scrolls of magic mapping
 r - 2 scrolls of amnesia
 x - 2 scrolls of fog
 z - 4 scrolls of teleportation
 G - 2 scrolls of remove curse
 H - a scroll of recharging
Potions
 g - a potion of cancellation
 i - 13 potions of curing
 k - 2 potions of lignification
 o - 3 potions of flight
 p - 3 potions of might
 s - a potion of resistance
 v - a potion of mutation
 E - a potion of haste
Books
 O - a book of Summonings

   Spells                             Type                      Level
   a - Recall                         Summoning/Translocation      3
   b - Aura of Abjuration             Summoning                    5
   c - Shadow Creatures               Summoning                    5
   d - Summon Demon                   Summoning                    5
   e - Summon Forest                  Summoning/Translocation      5
   f - Summon Mana Viper              Hexes/Summoning              5
Comestibles
 e - 8 bread rations
 h - 4 meat rations
 j - 2 beef jerkies
 A - 5 fruits


   Skills:
 + Level 13.4 Fighting
 + Level 13.4 Long Blades
 - Level 5.4 Throwing
 - Level 10.8 Armour
 - Level 11.2 Dodging
 - Level 3.6 Shields


You had 11 spell levels left.
You didn't know any spells.

Dungeon Overview and Level Annotations

Branches:
Dungeon (9/15)             Temple (1/1) D:4            Lair (5/8) D:9
  Swamp (0/4) Lair:4
  Snake: Lair:3-6    Spider: Lair:3-6       Orc: D:9-12

Altars:
Ashenzari
Cheibriados
Dithmenos
Fedhas
Gozag
Kikubaaqudgha
Nemelex Xobeh
Okawaru
Ru
Sif Muna
Trog
Yredelemnul
Zin
The Shining One

Shops:
D:4 %   D:8 ?[[!   D:9 =

Annotations:
Lair:4 Kirke


Innate Abilities, Weirdness & Mutations

((You reflexively headbutt those who attack you in melee.))
((You have a pair of horns on your head.))


Message History

The harpy claws you.
* * * LOW HITPOINT WARNING * * *
The harpy completely misses you.
Drink which item? (? for menu, Esc to quit)
You are stuck in your current form!
Drink which item? (? for menu, Esc to quit)
Okay, then.
Read which item? (? for menu, Esc to quit)
Blink to where?
Press: ? - help, Dir - move target cursor You are very lightly contaminated with residual magic.
As you read the scroll of blinking, it crumbles to dust.
The harpy misses you. The harpy closely misses you.
The harpy screeches!
The harpy claws you.
* * * LOW HITPOINT WARNING * * *
The harpy completely misses you.
The harpy screeches!
The harpy closely misses you. The harpy claws you!
You die...

###.#..........†.........
#P.##..#<..###.....####.
##.##.#..### ##..#F####.
#.#P....# #...H.##..
#.#...P># #..#..###.
#.......# ##..(.###.
###.....# ##......###
##...## #.#.#.#.#.#
#..h.## #...#.####.
####H.# #H....# #. #P.##
#...#.# #. #..## #.....##
#. ###..####......###.
#..........#.####P.
#........#.#.# #..
##....##.....####..
#######....#....#.


You could see a harpy.

Vanquished Creatures
  3 hydras
  Pikel (D:4)
  3 elephants (Lair:4)
  6 spiny frogs
  8 komodo dragons
  A polar bear (Lair:4)
  7 blink frogs
  31 yaks
  2 hogs
  4 fire bats (Lair:3)
  7 hippogriffs
  A hungry ghost (D:8)
  3 basilisks
  5 porcupines
  6 swamp worms (Lair:4)
  11 water moccasins
  A slave (D:4)
  Purgy (Sewer)
  2 black bears
  2 sky beasts (D:7)
  2 phantoms
  An ice beast (D:8)
  2 ogres
  The ghost of Musteatbrain the Skirmisher, an amateur DsFi (D:3)
  A big kobold (D:7)
  A centaur (D:8)
  4 crocodiles
  12 giant frogs
  13 killer bees
  3 scorpions
  3 electric eels
  2 crimson imps
  3 giant frog zombies
  A centaur zombie (D:9)
  A giant frog skeleton (D:5)
  2 orc priests
  3 hounds
  A centaur skeleton (D:6)
  4 jellies
  7 orc wizards
  10 iguanas
  2 worker ants
  13 sheep
  A hound skeleton (D:5)
  12 adders
  64 river rats
  7 oozes
  An adder skeleton (D:4)
  An adder zombie (D:7)
  3 worms
  2 giant geckos
  15 orcs
  4 ball pythons (Sewer)
  8 bats
  9 giant cockroaches
  17 goblins
  8 hobgoblins
  5 jackals
  6 quokkas
  8 giant newts
  A jackal skeleton (D:7)
  12 kobolds
  6 rats
  A fungus (Lair:4)
388 creatures vanquished.

Vanquished Creatures (others)
  A slave (D:4)
  2 orc wizards (D:7)
  Robin (D:4)
  4 orcs (D:6)
  2 hobgoblins (D:4)
  2 goblins (D:4)
  13 fungi
  9 plants
34 creatures vanquished.

Grand Total: 422 creatures vanquished

Notes
Turn   | Place    | Note
--------------------------------------------------------------
     0 | D:1      | Kloppie the Minotaur Fighter began the quest for the Orb.
     0 | D:1      | Reached XP level 1. HP: 19/19 MP: 0/0
   340 | D:1      | Reached XP level 2. HP: 27/27 MP: 1/1
   500 | D:1      | Reached skill level 4 in Armour
   917 | D:1      | Reached XP level 3. HP: 24/33 MP: 2/2
  1376 | D:2      | Found a sacrificial altar of Ru.
  1688 | D:2      | Reached XP level 4. HP: 38/41 MP: 3/3
  2101 | D:3      | Reached skill level 5 in Fighting
  2101 | D:3      | Reached XP level 5. HP: 24/48 MP: 4/4
  2288 | D:3      | Reached skill level 5 in Armour
  2303 | D:3      | Noticed Musteatbrain's ghost (amateur DsFi)
  2482 | D:3      | Killed Musteatbrain's ghost
  2559 | D:3      | Found a snail-covered altar of Cheibriados.
  2603 | D:3      | Reached XP level 6. HP: 50/56 MP: 5/5
  2696 | D:3      | Reached skill level 5 in Long Blades
  3111 | D:4      | Found a staircase to the Ecumenical Temple.
  3120 | Temple   | Entered the Ecumenical Temple
  3135 | Temple   | Became a worshipper of the Shining One
  3289 | D:4      | Found an iron altar of Okawaru.
  3289 | D:4      | Found Ibeliat's Food Shoppe.
  3469 | D:4      | Reached skill level 1 in Dodging
  3506 | D:4      | Noticed Pikel
  3515 | D:4      | Paralysed by Pikel for 2 turns
  3521 | D:4      | Killed Pikel
  3521 | D:4      | Reached skill level 7 in Fighting
  3521 | D:4      | Reached XP level 7. HP: 53/66 MP: 6/6
  3541 | D:4      | Noticed Robin
  3560 | D:4      | Killed Robin
  3872 | D:5      | Entered Level 5 of the Dungeon
  3950 | D:5      | Got a scorched chain mail
  3961 | D:5      | Found a glowing drain.
  3979 | Sewer    | Entered a sewer
  4071 | Sewer    | Noticed Purgy
  4083 | Sewer    | Killed Purgy
  4083 | Sewer    | Reached XP level 8. HP: 59/73 MP: 7/7
  4169 | D:5      | Identified the cursed +1 chain mail "Xiguxek" {Str+2 Dex+4} (You found it on level 5 of the Dungeon)
  4204 | D:5      | Reached * piety under the Shining One
  4737 | D:5      | Found a blossoming altar of Fedhas.
  5052 | D:6      | Found a shadowy altar of Dithmenos.
  5158 | D:6      | Reached skill level 5 in Dodging
  5264 | D:6      | Reached skill level 8 in Fighting
  5397 | D:6      | Found a bloodstained altar of Trog.
  5948 | D:7      | Reached XP level 9. HP: 82/82 MP: 8/8
  6003 | D:7      | Reached skill level 9 in Fighting
  6033 | D:7      | Reached ** piety under the Shining One
  6034 | D:7      | Found a snail-covered altar of Cheibriados.
  6458 | D:7      | Found a deep blue altar of Sif Muna.
  7278 | D:8      | Found Keliub's Distillery.
  7282 | D:8      | Bought a potion of curing for 45 gold pieces
  7300 | D:8      | Found Yfoch's Armour Shoppe.
  7551 | D:8      | Found Mogiss's Magic Scroll Shop.
  7587 | D:8      | Reached skill level 10 in Fighting
  7615 | D:8      | Reached skill level 10 in Long Blades
  7642 | D:8      | Found Enlimp's Armour Shop.
  7893 | D:9      | Found Untetug's Jewellery Shoppe.
  7901 | D:9      | Bought a cursed amulet of inaccuracy for 28 gold pieces
  7901 | D:9      | Bought a cursed -3 ring of intelligence for 28 gold pieces
  7935 | D:9      | Reached skill level 1 in Throwing
  7980 | D:9      | Found a staircase to the Lair.
  7994 | D:9      | Found an ancient bone altar of Kikubaaqudgha.
  8282 | D:9      | Reached *** piety under the Shining One
  8521 | Lair:1   | Entered Level 1 of the Lair of Beasts
  8562 | Lair:1   | Reached XP level 10. HP: 93/93 MP: 9/9
  8590 | Lair:1   | Noticed a komodo dragon
  8605 | Lair:1   | Killed a komodo dragon
  8608 | Lair:1   | Got a wizard robe
  8609 | Lair:1   | Identified the +0 robe of Intuition {rF+ rC+ rN+ Int-2} (You found it on level 1 of the Lair of Beasts)
  8643 | Lair:1   | Noticed a komodo dragon
  8651 | Lair:1   | Killed a komodo dragon
  8651 | Lair:1   | Reached skill level 5 in Throwing
  8729 | Lair:1   | Noticed a komodo dragon
  8737 | Lair:1   | Noticed a komodo dragon
  8737 | Lair:1   | Killed a komodo dragon
  8740 | Lair:1   | Killed a komodo dragon
  8787 | Lair:1   | Noticed a spiny frog
  8794 | Lair:1   | Killed a spiny frog
  9576 | Lair:1   | Noticed a komodo dragon
  9576 | Lair:1   | Noticed a komodo dragon
  9613 | D:9      | Killed a komodo dragon
  9822 | D:9      | Killed a komodo dragon
  9906 | Lair:1   | Got a brightly glowing long sword
  9910 | Lair:1   | Identified the cursed +2 long sword of the End {venom, *Confuse MR++} (You found it on level 1 of the Lair of Beasts)
  9992 | Lair:1   | Noticed a spiny frog
 10001 | Lair:1   | Killed a spiny frog
 10184 | Lair:2   | Reached **** piety under the Shining One
 10223 | Lair:2   | Reached skill level 10 in Dodging
 10223 | Lair:2   | Reached XP level 11. HP: 92/99 MP: 10/10
 10444 | D:9      | Bought the ring "Faum Esuusux" {+Fly rElec rF+ Str+2} for 597 gold pieces
 10489 | Lair:2   | Noticed a seven-headed hydra
 10510 | Lair:2   | Noticed a four-headed hydra
 10628 | Lair:2   | Killed a six-headed hydra
 10628 | Lair:2   | Reached skill level 10 in Armour
 10991 | Lair:2   | Reached skill level 11 in Dodging
 11252 | Lair:2   | Killed a seven-headed hydra
 11501 | Lair:3   | Noticed a six-headed hydra
 11508 | Lair:3   | Killed a six-headed hydra
 12362 | Lair:3   | Reached XP level 12. HP: 95/110 MP: 11/11
 13033 | Lair:4   | Reached skill level 12 in Long Blades
 13509 | Lair:4   | Reached skill level 13 in Long Blades
 13874 | Lair:4   | Found a staircase to the Swamp.
 14024 | Lair:5   | Noticed Kirke
 14420 | Lair:4   | The Shining One protects you from harm!
 14433 | Lair:4   | Slain by a harpy

Action                   |  1- 3 |  4- 6 |  7- 9 | 10-12 || total
-------------------------+-------+-------+-------+-------++-------
Melee: Long sword        |   107 |   103 |   274 |   625 ||  1109
Throw: Javelin           |       |       |       |    26 ||    26
  Use: Potion            |       |     1 |       |       ||     1
       Scroll            |       |       |    21 |     6 ||    27
  Eat: Chunk             |     2 |     6 |    10 |    18 ||    36
       Beef jerky        |       |       |     2 |       ||     2
       Meat ration       |       |       |     1 |       ||     1
